 Dungeon Crawl Stone Soup version 0.30-a0-586-g23e55c9e0a (webtiles) character file.

Game seed: 10345479662253225432

109 wormed the Poker (level 4, 0/63 HPs)
             Began as a Naga Berserker on Jan 4, 2023.
             Was a Believer of Trog.
             Slain by a hell rat (2 damage)
             ... in a sewer.
             The game lasted 00:04:20 (2145 turns).

wormed the Poker (Naga Berserker)                   Turns: 2145, Time: 00:04:20

Health: 0/63       AC:  4    Str: 22    XL:     4   Next: 90%
Magic:  4/4        EV:  9    Int:  7    God:    Trog [**....]
Gold:   37         SH:  0    Dex: 10    Spells: 3/3 levels left

rFire   . . .      SeeInvis +    a - +0 spear
rCold   . . .      Faith    .    (no shield)
rNeg    . . .      Spirit   .    j - +0 ring mail
rPois   +          Reflect  .    (no helmet)
rElec   .          Harm     .    (no cloak)
rCorr   .          Rampage  .    (no gloves)
Will    .....                    (no barding) Stlth
                                 (no amulet)
HPRegen 0.30/turn                (no ring)
MPRegen 0.09/turn                (no ring)

@: berserking, quick
A: AC +1, large, see invisible, deformed body, poison resistance, slowness 2,
spit poison 1, naga tail 1
a: Spit Poison, Renounce Religion, Berserk, Trog's Hand


You were in a sewer.
You worshipped Trog.
Trog was pleased with you.
You visited 1 branch of the dungeon, and saw 3 of its levels.
You also visited: Sewer.

You collected 63 gold pieces.
You spent 26 gold pieces at shops.

Inventory:

Hand Weapons
 a - a +0 spear (weapon)
Armour
 j - a +0 ring mail (worn)
Scrolls
 b - a scroll of silence {unknown}
 d - a scroll of amnesia {unknown}
 e - a scroll of enchant weapon {unknown}
 g - 2 scrolls of teleportation {unknown}
 i - 2 scrolls of identify
Potions
 f - a potion of mutation {unknown}
 h - 2 potions of flight {unknown}
 k - a potion of haste {unknown}
 l - 2 potions of brilliance {unknown}
 m - a potion of resistance {unknown}


   Skills:
 + Level 3.4 Fighting
 * Level 4.0 Polearms
 + Level 2.1 Armour
 + Level 2.1 Dodging
 + Level 2.6 Stealth


You had 3 spell levels left.
You didn't know any spells.
Your spell library was empty.

Dungeon Overview and Level Annotations

Branches:
Dungeon (3/15)              Sewer (1/1)

Altars:

Shops:
D:3 *

Annotations:
D:2 Sigmund


Innate Abilities, Weirdness & Mutations

Your serpentine skin is tough. (AC +1)
You have supernaturally acute eyesight. (SInv)
Armour fits poorly on your strangely shaped body.
Your system is resistant to poisons. (rPois)
You cover ground very slowly.
You can spit poison.
You have a snake-like lower body.


Message History

The hell rat barely misses you.
You barely miss the hell rat.
The hell rat is lightly wounded.
The hell rat splashes around in the water.
You hit the hell rat.
The hell rat is lightly wounded.
The hell rat bites you! The hell rat closely misses you.
You hit the hell rat but do no damage.
The hell rat is lightly wounded.
The hell rat bites you.
You hit the hell rat but do no damage.
The hell rat is lightly wounded.
The hell rat bites you!
You barely miss the hell rat.
The hell rat is lightly wounded.
The hell rat bites you but does no damage.
You completely miss the hell rat.
The hell rat is lightly wounded.
The hell rat bites you!
* * * LOW HITPOINT WARNING * * *
The hell rat barely misses you.
You feel better. The hell rat closely misses you.
You feel better. The hell rat bites you!
* * * LOW HITPOINT WARNING * * *
You feel better.
The hell rat bites you but does no damage.
You barely miss the hell rat.
The hell rat is lightly wounded.
The hell rat bites you but does no damage.
You hit the hell rat but do no damage.
The hell rat is lightly wounded.
The hell rat bites you!
* * * LOW HITPOINT WARNING * * *
A red film seems to cover your vision as you go berserk!
You feel yourself moving faster!
You feel mighty! The hell rat barely misses you.
You barely miss the hell rat.
The hell rat is lightly wounded.
The hell rat bites you.
You die...

##.~ ~..~~~.
##~~~ ~~~##
#.~~ ##~~~#
##.~# ~##.~##
#~.~ .~.#~~~#
#~~##~~?##~.#
#~†#~~~!?#..#
#.@r~~~?∩#∩∩#
#.~#~~~!?#.~#
#..##~.!##.~#
#..~#~~~#~.~#
##~.##~##.†##
#~.~###~.~#
##.†~~~.~##
#~~~~.†.#
###~~~###


You could see a hell rat.

Vanquished Creatures
  5 adders
  2 river rats (Sewer)
  A worm (D:1)
  A dart slug (D:3)
  An orc (D:3)
  4 endoplasms
  A giant cockroach (D:1)
  A goblin (D:1)
  2 hobgoblins
  5 jackals (D:1)
  3 kobolds (D:1)
  2 quokkas (D:1)
  3 ball pythons
  5 bats
  A frilled lizard (D:3)
  8 rats
45 creatures vanquished.

Notes
Turn   | Place    | Note
-------+----------+-------------------------------------------
     0 | D:1      | wormed the Naga Berserker began the quest for the Orb.
     0 | D:1      | Reached XP level 1. HP: 21/21 MP: 1/1
   110 | D:1      | Reached XP level 2. HP: 3/28 MP: 2/2
   118 | D:1      | HP: 1/28 [bat (1)]
   126 | D:1      | Reached skill level 1 in Stealth
   804 | D:1      | Reached XP level 3. HP: 13/34 MP: 3/3
  1377 | D:2      | Noticed Sigmund
  1516 | D:3      | Reached ** piety under Trog
  1591 | D:3      | Reached XP level 4. HP: 42/42 MP: 4/4
  1645 | D:3      | Found Irecaut's General Store.
  1649 | D:3      | Bought a scroll of identify for 26 gold pieces
  1930 | D:3      | Found a glowing drain.
  1939 | Sewer    | Entered a sewer
  1971 | Sewer    | Reached skill level 4 in Polearms
  2143 | Sewer    | HP: 1/42 [hell rat (14)]
  2145 | Sewer    | Slain by a hell rat

Illustrated notes

Levels and vault maps discovered:
D:1:      minmay_arrival_checkered_box, layout_rooms
D:2:      layout_basic, hangedman_glass_teeth, uniq_sigmund
D:3:      layout_loops_corners, portal_sewer_entry_d, serial_shops, shop
Sewer:    sewer_hellmonk_bad_rat

Skill      XL: |  1  2  3  4 |
---------------+-------------+-----
Stealth        | 1 2 |  2.6
Dodging        | 2 |  2.1
Armour         | 2 |  2.1
Polearms       | 4 |  4.0
Fighting       | |  3.4

Action                   |  1- 3 |  4- 6 || total
-------------------------+-------+-------++-------
Melee: Spear             |   135 |    76 ||   211
       Punch             |     4 |     1 ||     5
Invok: Berserk           |       |     2 ||     2
  Use: Potion            |     2 |     3 ||     5
 Stab: Sleeping          |     1 |     1 ||     2
Armor: Animal skin       |     9 |       ||     9
       Leather armour    |     8 |       ||     8
       Ring mail         |    31 |    27 ||    58
Dodge: Dodged            |    81 |    31 ||   112

Table legend: (Time is in decaauts)
 A = Elapsed time spent in this place.
 B = Non-inter-level travel time spent in this place.
 C = Inter-level travel time spent in this place.
 D = Time resting spent in this place.
 E = Time spent auto-exploring this place.
 F = Levels seen in this place.
 G = Mean time per level.
                   A        B        C        D        E       F      G
               +--------+--------+--------+--------+--------+-----+--------+
         Total |   2580 |   2496 |     84 |    221 |   1540 |   4 |  645.0 |
       Dungeon |   2371 |   2287 |     84 |    221 |   1394 |   3 |  790.3 |
         Sewer |    209 |    209 |      0 |      0 |    145 |   1 |  209.0 |
               +--------+--------+--------+--------+--------+-----+--------+

Top non-repeatable levels by time:
     D:1: 1400 daAuts
     D:3: 671 daAuts
     D:2: 299 daAuts
   Sewer: 209 daAuts
